 Dungeon Crawl Stone Soup version 0.26.0-18-gc5c842f807 (webtiles) character file.

Game seed: 6978754295199937639

224 kaeus the Firebug (level 6, -2/36 HPs)
             Began as an Octopode Fire Elementalist on Jan 22, 2021.
             Slain by a worker ant (8 damage)
             ... on level 4 of the Dungeon.
             The game lasted 00:02:12 (4966 turns).

kaeus the Firebug (Octopode Fire Elementalist)      Turns: 4966, Time: 00:02:13

Health: -2/36      AC: 10    Str:  7    XL:     6   Next: 0%
Magic:  1/10       EV: 13    Int: 19    God:
Gold:   210        SH:  0    Dex: 13    Spells: 10/11 levels left

rFire    + . .     SeeInvis .   f - +0 mace (protect)
rCold    x . .     Faith    .   (no shield)
rNeg     . . .     Spirit   .   h - +2 hat
rPois    .         Reflect  .   (no amulet)
rElec    .         Harm     .   d - ring of fire
rCorr    .         Rampage  .   (no ring)
Will     .....                  (no ring)
Stlth    +++.......             (no ring)
HPRegen  0.12/turn              (no ring)
MPRegen  0.12/turn              (no ring)
                                (no ring)
                                (no ring)

@: protection aura
A: almost no armour, stealthy swim, amphibious, 8 rings, constrict 8, camouflage
1, gelatinous body 1
a: no special abilities


You were on level 4 of the Dungeon.
You visited 1 branch of the dungeon, and saw 4 of its levels.

You collected 210 gold pieces.

Inventory:

Hand Weapons
 f - a +0 mace of protection (weapon)
Armour
 h - a +2 hat (worn)
Jewellery
 d - a ring of fire (left tentacle)
 n - an uncursed ring of resist corrosion {unknown}
Wands
 s - a wand of paralysis (17)
Scrolls
 b - a scroll of remove curse {unknown}
 c - 4 scrolls of teleportation {unknown}
 g - 2 scrolls of amnesia {unknown}
 i - 2 scrolls of identify {unknown}
 p - 3 scrolls of magic mapping {unknown}
 r - a scroll of fear {unknown}
Potions
 a - a potion of cancellation {unknown}
 e - a potion of berserk rage {unknown}
 j - a potion of curing {unknown}
 k - a potion of haste {unknown}
 l - 3 potions of invisibility {unknown}
 m - a potion of might {unknown}
 o - a potion of lignification {unknown}
 q - 2 potions of flight {unknown}


   Skills:
 - Level 2.0 Dodging
 - Level 2.6 Stealth
 + Level 3.2 Spellcasting
 + Level 2.9 Conjurations
 * Level 5.0 Fire Magic


You had 10 spell levels left.
You knew the following spells:

 Your Spells              Type           Power        Failure   Level
a - Foxfire               Conj/Fire      100%         3%          1

Your spell library contained the following spells:

 Spells                   Type           Power        Failure   Level
 Conjure Flame            Conj/Fire      27%          9%          3
 Inner Flame              Hex/Fire       18%          16%         3
 Sticky Flame             Conj/Fire      27%          28%         4
 Fireball                 Conj/Fire      13%          63%         5


Dungeon Overview and Level Annotations

Branches:
Dungeon (4/15)
 Temple: D:4-7

Altars:
Ashenzari
Uskayaw
Zin
Lugonu

Portals:
Abyss: D:4


Innate Abilities, Weirdness & Mutations

You cannot wear most types of armour.
You are very stealthy in the water. (Stealth+)
You are amphibious.
You can wear up to eight rings at the same time.
You can use your tentacles to constrict eight enemies at once.
Your skin changes colour to match your surroundings (Stealth+).
Your rubbery body absorbs attacks. (AC +1, EV +1)


Message History

The worker ant bites you!
You have reached level 6!
Your experience leads to an increase in your attributes!
Increase (s)trength, (i)ntelligence, or (d)exterity?
You feel clever.
You take 7 damage, and have 13/36 hp.
The bullfrog skeleton hits you.
You see here a scroll labelled XIECHYE LUIMA.
You take 1 damage, and have 12/36 hp.
The worker ant bites you.
* * * LOW HITPOINT WARNING * * *
You take 6 damage, and have 6/36 hp.
You hit the worker ant.
Your weapon exudes an aura of protection.
You grab the worker ant.
The worker ant is moderately wounded.
You constrict the worker ant, but do no damage.
The worker ant bites you but does no damage.
The worker ant bites you!
You die...

#.#..## #####...#............#.
†.....#####...........##.........
.......................#....##.#.
......#####............#.........
......# #####...#.##.#.........
......# #...#.>.....###...#
.<....# #...##.###........#
.....## #...##.# #........#
.....# ##@### ###...##.### #...##
######B###.....#.##... .....#.
#...##Z.......##.##)... #...###..
#........##.##.##....
......#....##.?####..##. #.##....
###.####..[....# ..... ..###...
#.# #.♣..†..# .....
#.####..))..... ###..
#...#...[#.>.#... .


You could see a worker ant and a bullfrog skeleton.

Vanquished Creatures
  A howler monkey (D:4)
  2 worker ants (D:4)
  4 adders
  5 worms
  2 dart slugs
  3 leopard geckos
  5 orcs (D:4)
  3 ball pythons
  3 giant cockroaches
  4 goblins
  6 hobgoblins
  12 jackals
  A quokka (D:3)
  4 bats
  5 frilled lizards
  10 kobolds
  9 rats
  2 lurking horrors (D:4)
81 creatures vanquished.

Vanquished Creatures (others)
  255 foxfires
255 creatures vanquished.

Grand Total: 336 creatures vanquished

Notes
Turn   | Place    | Note
-------+----------+-------------------------------------------
     0 | D:1      | kaeus the Octopode Fire Elementalist began the quest for
                  | the Orb.
     0 | D:1      | Reached XP level 1. HP: 11/11 MP: 3/3
   393 | D:1      | Reached XP level 2. HP: 12/17 MP: 3/5
  1028 | D:1      | Reached XP level 3. HP: 21/21 MP: 2/6
  1631 | D:2      | Found a faded altar of an unknown god.
  2093 | D:2      | Found a glowing silver altar of Zin.
  2843 | D:3      | Reached skill level 4 in Fire Magic
  2848 | D:3      | Reached XP level 4. HP: 27/27 MP: 1/7
  3295 | D:3      | Found a hide-covered altar of Uskayaw.
  3449 | D:3      | Found a broken altar of Ashenzari.
  4050 | D:4      | Found a one-way gate to the infinite horrors of the Abyss.
  4051 | D:4      | Found a corrupted altar of Lugonu.
  4344 | D:4      | Reached XP level 5. HP: 31/31 MP: 1/9
  4954 | D:4      | Reached skill level 5 in Fire Magic
  4961 | D:4      | Reached XP level 6. HP: 13/36 MP: 0/10
  4966 | D:4      | Slain by a worker ant

Illustrated notes

Levels and vault maps discovered:
D:1:      nicolae_arrival_washed_ashore, layout_loops_ring
D:2:      layout_basic, lemuel_round_altar, chequers_ecumenical_altar_grove
D:3:      layout_basic, lemuel_round_altar, lemuel_crystal_altar,
          minmay_crystal_water, chequers_serial_rivers_small_a,
          minmay_misc_feat_tiny
D:4:      layout_loops_cross, grunt_ministairs_12,
          chequers_serial_rivers_large_a, amcnicky_altar_lugonu_corruption

Skill      XL: |  1  2  3  4  5 |
---------------+----------------+-----
Conjurations   | 2 |  2.9
Fire Magic     | 4 5 |  5.0
Spellcasting   | 3 |  3.2
Dodging        | |  2.0
Stealth        | |  2.6

Action                   |  1- 3 |  4- 6 || total
-------------------------+-------+-------++-------
Melee: Unarmed           |    17 |       ||    17
       Constrict         |     9 |     6 ||    15
       Tentacles         |     3 |     3 ||     6
       Club              |     6 |       ||     6
       Mace              |    12 |    26 ||    38
 Cast: Foxfire           |    98 |    87 ||   185
Armor: Skin              |     3 |     8 ||    11
Dodge: Dodged            |    24 |    15 ||    39
